 Dungeon Crawl Stone Soup version 0.29-a0-284-gf9362112df (webtiles) character file.

Game seed: 1028420747277733974

100 experimilk the Chopper (level 4, -5/35 HPs)
             Began as a Palentonga Warper on Mar 31, 2022.
             Was an Initiate of Gozag.
             Slain by Sigmund
             ... wielding a +0 scythe of protection
              (9 damage)
             ... on level 3 of the Dungeon.
             The game lasted 00:08:08 (3279 turns).

experimilk the Chopper (Palentonga Warper)          Turns: 3279, Time: 00:08:09

Health: -5/35      AC:  6    Str: 17    XL:     4   Next: 46%
Magic:  7/7        EV:  9    Int: 13    God:    Gozag
Gold:   141        SH:  0    Dex:  9    Spells: 2/7 levels left

rFire   + . .      SeeInvis +   a - +0 hand axe
rCold   + . .      Faith    .   (no shield)
rNeg    . . .      Spirit   .   b - +0 leather armour
rPois   +          Reflect  .   h - +0 helmet
rElec   +          Harm     .   (no cloak)
rCorr   +          Rampage  .   g - +0 pair of gloves
Will    .....                   (no barding)
Stlth   +.........              (no amulet)
HPRegen 0.11/turn               (no ring)
MPRegen 0.10/turn               (no ring)

@: resistant (expiring)
A: large, rugged brown scales 3, see invisible, deformed body, roll 1, armoured
tail
a: Rolling Charge, Renounce Religion, Potion Petition, Call Merchant, Bribe
Branch


You were on level 3 of the Dungeon.
You worshipped Gozag.
Gozag was aware of your devotion.
You visited 1 branch of the dungeon, and saw 3 of its levels.

You collected 160 gold pieces.
You paid 19 gold pieces to Gozag.

Inventory:

Hand Weapons
 a - a +0 hand axe (weapon)
Missiles
 d - 6 boomerangs of dispersal (quivered)
 o - 8 poisoned darts
Armour
 b - a +0 leather armour (worn)
 g - a +0 pair of gloves (worn)
 h - a +0 helmet (worn)
Jewellery
 c - an amulet of regeneration
Scrolls
 e - a scroll of teleportation {unknown}
 k - a scroll of fog {unknown}
 l - a scroll of enchant weapon {unknown}
 n - a scroll of summoning {unknown}
 p - a scroll of immolation {unknown}
 q - a scroll of vulnerability {unknown}
Potions
 j - a potion of lignification


   Skills:
 - Level 2.0 Fighting
 * Level 4.8 Axes
 - Level 0.6 Throwing
 - Level 0.7 Armour
 - Level 1.5 Dodging
 - Level 2.0 Spellcasting
 - Level 3.0 Translocations


You had 2 spell levels left.
You knew the following spells:

 Your Spells              Type           Power      Damage    Failure   Level
a - Blink                 Tloc           18%        N/A       13%         2
s - Gell's Gravitas       Tloc           9%         N/A       26%         3

Your spell library contained the following spells:

 Spells                   Type           Power      Damage    Failure   Level
 Lesser Beckoning         Tloc           9%         N/A       26%         3
 Teleport Other           Tloc           9%         N/A       26%         3
 Manifold Assault         Tloc           9%         N/A       94%         5


Dungeon Overview and Level Annotations

Branches:
Dungeon (3/15)

Altars:
Gozag
Lugonu

Portals:
Abyss: D:3

Annotations:
D:3 2 runed translucent doors, Sigmund


Innate Abilities, Weirdness & Mutations

You are completely covered in rugged brown scales. (AC +3, +7% HP)
You have supernaturally acute eyesight. (SInv)
Armour fits poorly on your strangely shaped body.
You can roll at nearby foes to attack.
You have a long armoured tail.


Message History

You resist with some effort. Sigmund casts a spell at you.
You resist with some effort.
You hit Sigmund but do no damage.
Sigmund is moderately wounded.
Sigmund hits you with a +0 scythe of protection.
* * * LOW HITPOINT WARNING * * *
You closely miss Sigmund. You punch Sigmund, but do no damage.
Sigmund is moderately wounded.
You closely miss Sigmund.
Sigmund is moderately wounded.
Sigmund hits you with a +0 scythe of protection.
* * * LOW HITPOINT WARNING * * *
You barely miss Sigmund.
Sigmund is moderately wounded.
Sigmund gestures at you while chanting.
The puff of flame hits you but does no damage.
You barely miss Sigmund.
Sigmund is moderately wounded.
Sigmund hits you with a +0 scythe of protection.
* * * LOW HITPOINT WARNING * * *
You hit Sigmund.
Sigmund is heavily wounded.
You closely miss Sigmund.
Sigmund is heavily wounded.
Sigmund casts a spell at you. You resist with some effort.
You barely miss Sigmund.
Sigmund is heavily wounded.
You start to feel less resistant.
Sigmund hits you but does no damage.
You closely miss Sigmund.
Sigmund is heavily wounded.
You feel less wooden.
Your +0 helmet unmelds from your body.
Your +0 pair of gloves unmelds from your body.
Your +0 leather armour unmelds from your body.
Sigmund hits you with a +0 scythe of protection!
You die...
Your body crumbles into a pile of gold.

. #..........# ####.#.
..#. #..........## #.#.
....# #...........#
#.#. .....#.........#.#
#.#. ♣..#.........#.##
#.## ♣............#..#
#...
##.#.........##.#######
#.#...................
♣....@@$...####.#####.
+..........# #..# #.
♣..>.......# ##.# #.
#.#........# .# #.
#.#.#........ [. #.
#.#......... ... #.
#.#(........ ... #.
#.#..........


You could see Sigmund (invisible).

Vanquished Creatures
  5 adders
  3 worms (D:2)
  2 bats (D:1)
  3 endoplasms
  2 giant cockroaches
  5 goblins (D:1)
  4 hobgoblins (D:1)
  4 quokkas
  3 ball pythons
  3 frilled lizards
  8 kobolds
  7 rats
49 creatures vanquished.

Notes
Turn   | Place    | Note
-------+----------+-------------------------------------------
     0 | D:1      | experimilk the Palentonga Warper began the quest for the
                  | Orb.
     0 | D:1      | Reached XP level 1. HP: 17/17 MP: 3/3
    50 | D:1      | Reached XP level 2. HP: 21/23 MP: 5/5
    96 | D:1      | Learned a level 2 spell: Blink
   122 | D:1      | HP: 1/23 [goblin/+0 club (3)]
   504 | D:1      | Reached skill level 3 in Axes
  1061 | D:2      | Reached XP level 3. HP: 28/28 MP: 6/6
  2028 | D:2      | Reached skill level 4 in Axes
  2258 | D:2      | Found an opulent altar of Gozag.
  2271 | D:2      | Became a worshipper of Gozag Ym Sagoz the Greedy
  2313 | D:2      | Learned a level 3 spell: Gell's Gravitas
  2382 | D:2      | Reached XP level 4. HP: 35/35 MP: 3/7
  2956 | D:3      | Found a large runed translucent door.
  2957 | D:3      | Found a large runed translucent door.
  2957 | D:3      | Found a corrupted altar of Lugonu.
  3163 | D:3      | Found a one-way gate to the infinite horrors of the Abyss.
  3224 | D:3      | Noticed Sigmund
  3242 | D:3      | HP: 2/52 [Sigmund/+0 scythe of protection (7)]
  3279 | D:3      | Slain by Sigmund

Illustrated notes

Levels and vault maps discovered:
D:1:      wander_arrival_estate, layout_basic
D:2:      layout_basic, basic_altar, serial_glass, glass_columns_b,
          glass_columns_c
D:3:      due_chaos_kobolds, layout_basic, dilly_ecumenical_altar_fadedgnrine,
          serial_shops, shop, uniq_sigmund

Skill      XL: |  1  2  3 |
---------------+----------+-----
Axes           | 3 4 |  4.8
Fighting       | |  2.0
Throwing       | |  0.6
Armour         | |  0.7
Dodging        | |  1.5
Spellcasting   | |  2.0
Translocations | |  3.0

Action                   |  1- 3 |  4- 6 || total
-------------------------+-------+-------++-------
Melee: Hand axe          |   126 |    61 ||   187
       Tailslap          |     9 |     3 ||    12
       Punch             |     1 |     1 ||     2
Throw: Boomerang         |       |     1 ||     1
 Cast: Gell's Gravitas   |     1 |       ||     1
       Blink             |       |     3 ||     3
 Abil: Rolling Charge    |    20 |     7 ||    27
  Use: Scroll            |     3 |       ||     3
       Potion            |     1 |     6 ||     7
Armor: Leather armour    |    36 |     9 ||    45
       Skin              |       |    12 ||    12
Dodge: Dodged            |    49 |    16 ||    65

Table legend: (Time is in decaauts)
 A = Elapsed time spent in this place.
 B = Non-inter-level travel time spent in this place.
 C = Inter-level travel time spent in this place.
 D = Time resting spent in this place.
 E = Time spent auto-exploring this place.
 F = Levels seen in this place.
 G = Mean time per level.
                   A        B        C        D        E       F      G
               +--------+--------+--------+--------+--------+-----+--------+
         Total |   3307 |   3251 |     56 |   1682 |    798 |   3 | 1102.3 |
       Dungeon |   3307 |   3251 |     56 |   1682 |    798 |   3 | 1102.3 |
               +--------+--------+--------+--------+--------+-----+--------+

Top non-repeatable levels by time:
     D:1: 1447 daAuts
     D:2: 1433 daAuts
     D:3: 427 daAuts
